 Dungeon Crawl Stone Soup version 0.28-a0-1130-gc51a68064b (webtiles) character file.

Game seed: 12219613546216318882

21 SensoryNuts the Slasher (level 2, 0/25 HPs)
             Began as a Draconian Gladiator on Dec 12, 2021.
             Succumbed to a gnoll's poison
             ... on level 2 of the Dungeon.
             The game lasted 00:00:52 (975 turns).

SensoryNuts the Slasher (Draconian Gladiator)        Turns: 975, Time: 00:00:52

Health: 0/25       AC:  4    Str: 16    XL:     2   Next: 65%
Magic:  2/2        EV: 12    Int:  8    God:
Gold:   37         SH:  0    Dex: 12    Spells: 1/1 levels left

rFire   . . .      SeeInvis .   a - +0 long sword
rCold   . . .      Faith    .   (no shield)
rNeg    . . .      Spirit   .   (armour unavailable)
rPois   .          Reflect  .   b - +0 hat
rElec   .          Harm     .   (no cloak)
rCorr   .          Rampage  .   (no gloves)
Will    .....                   (no boots)
Stlth   +.........              (no amulet)
HPRegen 0.08/turn               (no ring)
MPRegen 0.08/turn               (no ring)

@: lethally poisoned (0 -> -13)
A: AC +4, unfitting armour, cold-blooded
a: no special abilities


You were on level 2 of the Dungeon.
You visited 1 branch of the dungeon, and saw 2 of its levels.

You collected 37 gold pieces.

Inventory:

Hand Weapons
 a - a +0 long sword (weapon)
Missiles
 c - 3 throwing nets (quivered)
Armour
 b - a +0 hat (worn)
Scrolls
 d - a scroll of magic mapping
 e - a scroll of identify
Potions
 f - a potion of attraction
 g - 2 potions of cancellation


   Skills:
 + Level 2.6 Fighting
 + Level 3.2 Long Blades
 + Level 1.8 Throwing
 + Level 3.1 Dodging


You had one spell level left.
You didn't know any spells.
Your spell library was empty.

Dungeon Overview and Level Annotations

Branches:
Dungeon (2/15)

Altars:
Sif Muna


Innate Abilities, Weirdness & Mutations

Your plain brown scales are hard. (AC +4)
You cannot fit into any form of body armour.
You are cold-blooded and may be slowed by cold attacks.


Message History

You are poisoned.
You hit the gnoll.
The gnoll is heavily wounded.
You feel very sick. The gnoll closely misses you.
A goblin comes into view. It is wielding a +0 dagger.
You barely miss the gnoll.
The gnoll is heavily wounded.
You feel very sick. The gnoll completely misses you.
The gnoll hits you with a +0 club.
You barely miss the gnoll.
The gnoll is heavily wounded.
You feel sick. The gnoll barely misses you.
The gnoll hits you from afar with a +0 spear!
The gnoll closely misses you. The gnoll barely misses you.
You are too injured to fight recklessly!
You are too injured to fight recklessly!
You are too injured to fight recklessly!
You are too injured to fight recklessly!
You are too injured to fight recklessly!
You are too injured to fight recklessly!
You are too injured to fight recklessly!
You are too injured to fight recklessly!
You are too injured to fight recklessly!
You are too injured to fight recklessly!
You are too injured to fight recklessly!
You are too injured to fight recklessly!
You are too injured to fight recklessly!
You are too injured to fight recklessly!
You feel sick. The gnoll closely misses you.
You hit the gnoll.
The gnoll is lightly wounded.
You feel sick. The gnoll misses you.
The gnoll hits you from afar with a +0 spear of venom.
* * * LOW HITPOINT WARNING * * *
You are lethally poisoned!
The gnoll misses you.
Okay, then.
A frilled lizard comes into view.
You die...

,,,,,,,,,..$####..#####.,,,,*
,,,,,,*,,...............,,,,*
,,,,,,*,*.........(...#,,,,,*
*,,,,,,,*,#..........##.,,,,*
,,,,,,,,*.#........g....,,,,*
**,*,,,,,......ggg_..#.#*****
**,,,,,,,,***,*#g.......**
*,,,,>,,,,##,,*#.....#..,*
,,,****##.#..###@..###,*,**
,,,**,,......l<....#**,*,,*
,,***,*##....###.....#,**,*
,,,,,,,#..##,**###......,,*
,,,,,,,.,***,,****......,,****
,,,,,,,,,,,,,,,,,,......,,,,,*
****,,,,,,,,,,,*,,?.....,,****
* *,,,,******,*,,,.....,,*
*,,,,* *,,,,,,,,,,,,*


You could see 4 gnolls, a goblin and a frilled lizard (wandering).

Vanquished Creatures
  A dart slug (D:1)
  2 bats (D:1)
  An endoplasm (D:1)
  2 goblins (D:1)
  A hobgoblin (D:1)
  2 jackals (D:1)
  A kobold (D:1)
  A quokka (D:1)
  3 ball pythons (D:1)
  A frilled lizard (D:1)
  3 rats (D:1)
18 creatures vanquished.

Notes
Turn   | Place    | Note
-------+----------+-------------------------------------------
     0 | D:1      | SensoryNuts the Draconian Gladiator began the quest for the
                  | Orb.
     0 | D:1      | Reached XP level 1. HP: 17/17 MP: 1/1
   207 | D:1      | Reached XP level 2. HP: 24/24 MP: 2/2
   580 | D:1      | Found a faded altar of an unknown god.
   966 | D:2      | Found a shimmering blue altar of Sif Muna.
   975 | D:2      | Succumbed to a gnoll's poison

Illustrated notes

Levels and vault maps discovered:
D:1:      heliophobic_arrival_battle_scene, layout_loops_cross,
          chequers_ecumenical_altar_grove, minmay_quantized
D:2:      layout_rooms, basic_altar, uniq_crazy_yiuf_cottage

Skill      XL: |  1 |
---------------+----+-----
Dodging        | 3 |  3.1
Fighting       | |  2.6
Long Blades    | |  3.2
Throwing       | |  1.8

Action                   || total
-------------------------++-------
Melee: Long sword        ||    51
       Tailslap          ||     2
  Use: Scroll            ||     4
 Stab: Sleeping          ||     1
Armor: Skin              ||    13
Dodge: Dodged            ||    52

Table legend: (Time is in decaauts)
 A = Elapsed time spent in this place.
 B = Non-inter-level travel time spent in this place.
 C = Inter-level travel time spent in this place.
 D = Time resting spent in this place.
 E = Time spent auto-exploring this place.
 F = Levels seen in this place.
 G = Mean time per level.
                   A        B        C        D        E       F      G
               +--------+--------+--------+--------+--------+-----+--------+
         Total |    987 |    987 |      0 |      0 |    817 |   2 |  493.5 |
       Dungeon |    987 |    987 |      0 |      0 |    817 |   2 |  493.5 |
               +--------+--------+--------+--------+--------+-----+--------+

Top non-repeatable levels by time:
     D:1: 972 daAuts
     D:2: 14 daAuts
